AoeStats
← Porters

Four Lakes

508700961Analyzed
1v1 RM · 7d ago on Sep 23, 2026· 34m 3s· 2 players
Game mode
Random Map
Map size
Tiny (2 player)
Population
200
Speed
Normal
Resources
Standard
Victory
Conquest
Starting age
Dark Age
Ending age
Imperial Age
RankedLock teamsTeams togetherTeam positionsShared explorationLock speedFull tech treeHidden civsTurbo modeCheats
Victory
Defeat
🇨🇳 Wei · China
1299
+17
🇦🇺 Chinese · Australia
1316
-17
人生😈百态
5:45 Loom
6:19 Loom
9:18 Feudal Age
9:20 Man-at-Arms
15:39 Fletching
20:15 Double-Bit Axe
21:36 Wheelbarrow
22:44 Padded Archer Armor
28:36 Castle Age
29:07 Stone Mining
29:34 Bodkin Arrow
29:53 Bow Saw
30:55 Forging
30:51 Scale Barding Armor
30:58 Forging
30:33 Fishing Lines
31:21 Husbandry
Porters
0:26 Loom
9:27 Feudal Age
14:49 Fletching
22:05 Padded Archer Armor
28:39 Castle Age
27:58 Scale Barding Armor
29:14 Light Cavalry
30:50 Bloodlines
30:40 Crossbowman
Connection lost

Rejoining the realm…

Still unreachable

The connection could not be restored.

Session expired

The server has moved on; the page needs a fresh start.